 Dungeon Crawl Stone Soup version 0.25-a0-1137-g7f6bfe439b (webtiles) character file.

Game seed: 9737210489988228446, levelgen mode: deterministic

307 Esekla the Charmwright (level 6, -2/34 HPs)
             Began as a Deep Elf Skald on May 23, 2020.
             Slain by a gnoll
             ... wielding a +0 spear
              (3 damage)
             ... on level 4 of the Dungeon.
             The game lasted 00:27:47 (3984 turns).

Esekla the Charmwright (Deep Elf Skald)             Turns: 3984, Time: 00:27:47

Health: -2/34      AC:  9    Str:  8    XL:     6   Next: 16%
Magic:  4/14       EV: 14    Int: 18    God:
Gold:   169        SH:  0    Dex: 16    Spells: 5/13 levels left

rFire    + . .     SeeInvis .   j - +3 short sword
rCold    . . .     Gourm    .   (no shield)
rNeg     . . .     Faith    .   b - +0 leather armour
rPois    .         Spirit   .   (no helmet)
rElec    .         Reflect  .   (no cloak)
rCorr    .         Harm     .   (no gloves)
MR       .....                  (no boots)
Stlth    +.........             f - amulet of the acrobat
HPRegen  0.11/turn              p - ring of protection from fire
MPRegen  0.14/turn              (no ring)

@: icy armour, infused, stab, hasted, very quick
A: no striking features
a: no special abilities


You were on level 4 of the Dungeon.
You were hungry.

You visited 1 branch of the dungeon, and saw 4 of its levels.

You collected 169 gold pieces.

Inventory:

Hand Weapons
 a - a +0 falchion
 j - a +3 short sword (weapon)
 v - a +0 trident
Missiles
 k - 2 javelins
 q - 15 poisoned darts (quivered)
 s - 8 boomerangs of dispersal
Armour
 b - a +0 leather armour (worn)
Jewellery
 f - an amulet of the acrobat (around neck)
 p - a ring of protection from fire (left hand)
Scrolls
 c - a scroll of random uselessness {unknown}
 e - 5 scrolls of identify
 h - a scroll of remove curse {unknown}
 l - 2 scrolls of teleportation {unknown}
 m - a scroll of fog {unknown}
 n - a scroll of fear {unknown}
 o - a scroll of noise {unknown}
Potions
 g - a potion of magic {unknown}
 i - 2 potions of stabbing
 r - a potion of haste
 t - a potion of invisibility {unknown}
 u - a potion of curing
Comestibles
 d - 10 rations


   Skills:
 - Level 1.5 Fighting
 + Level 1.3(2.9) Short Blades
 * Level 3.6(3.7) Long Blades
 - Level 0.7 Armour
 + Level 4.1 Dodging
 + Level 4.1 Spellcasting
 - Level 4.4 Charms
 * Level 2.4 Translocations
 * Level 1.9 Ice Magic


You had 5 spell levels left.
You knew the following spells:

 Your Spells              Type           Power        Failure   Level  Hunger
a - Infusion              Chrm           ###.         3%          1    None
b - Shroud of Golubria    Chrm/Tloc      ###...       8%          2    ##.....
c - Song of Slaying       Chrm           ###.....     4%          2    ##.....
d - Ozocubu's Armour      Chrm/Ice       ###.....     17%         3    ###....

Your spell library contained the following spells:

 Spells                   Type           Power        Failure   Level  Hunger
 Spectral Weapon          Hex/Chrm       ##......     26%         3    ###....


Dungeon Overview and Level Annotations

Branches:
Dungeon (4/15)
 Temple: D:4-7

Altars:
Elyvilon
Nemelex Xobeh
Xom


Message History

You barely miss the gnoll shaman.
The gnoll shaman is severely wounded.
The gnoll closely misses you.
The gnoll shaman invokes the aid of its god against you.
You resist with some effort.
The ogre shouts!
You hit the gnoll shaman.
You kill the gnoll shaman!
The gnoll hits you but does no damage.
You hit the gnoll.
The gnoll is heavily wounded.
The gnoll barely misses you. The gnoll closely misses you.
Your magical contamination has completely faded away.
Okay, then.
It was a potion of stabbing.
You feel ready to backstab. The gnoll completely misses you.
It was a potion of haste.
You feel yourself speed up.
The gnoll hits you from afar with a +0 spear.
You die...

..#.# #. #... ..## #.(#
#### ... ######..# ...
#####.. .>......##.##
#......########......#
#....g...........#.#...O
#.....g######......### #
#@..O...##.....###
#.[.....###..#....
#......## ##.####.
#......# ###.#####
######## #....#...
#......## #....###
######


You could see an ogre and 2 gnolls.

Vanquished Creatures
  A gnoll shaman (D:4)
  Jessica (D:3)
  Terence (D:2)
  Natasha (thrice) (D:3)
  A hound skeleton (D:2)
  2 gnolls (D:4)
  5 adders (D:2)
  2 worms
  4 dart slugs
  An orc (D:3)
  7 bats
  A giant cockroach (D:2)
  7 goblins
  8 hobgoblins
  7 jackals
  4 kobolds
  5 ball pythons
  2 frilled lizards (D:2)
  9 rats
71 creatures vanquished.

Notes
Turn   | Place    | Note
-------+----------+-------------------------------------------
     0 | D:1      | Esekla the Deep Elf Skald began the quest for the Orb.
     0 | D:1      | Reached XP level 1. HP: 12/12 MP: 6/6
   257 | D:2      | Reached XP level 2. HP: 16/16 MP: 2/8
   261 | D:2      | Learned a level 2 spell: Shroud of Golubria
   264 | D:2      | Learned a level 2 spell: Song of Slaying
   273 | D:2      | Found a white marble altar of Elyvilon.
   276 | D:2      | Found a sparkling altar of Nemelex Xobeh.
   509 | D:2      | Reached XP level 3. HP: 10/20 MP: 7/9
   529 | D:2      | Learned a level 3 spell: Ozocubu's Armour
   696 | D:3      | Reached skill level 1 in Translocations
  1095 | D:1      | Reached XP level 4. HP: 19/25 MP: 5/11
  1880 | D:2      | Noticed Terence
  1904 | D:2      | Killed Terence
  2265 | D:2      | Found a shimmering altar of Xom.
  2362 | D:2      | Reached skill level 1 in Ice Magic
  2627 | D:3      | Reached XP level 5. HP: 27/29 MP: 3/12
  2887 | D:3      | Noticed Natasha
  2903 | D:3      | Killed Natasha
  3127 | D:3      | Noticed Jessica
  3139 | D:3      | Killed Jessica
  3272 | D:3      | Noticed Natasha
  3292 | D:3      | Killed Natasha
  3292 | D:3      | Reached skill level 1 in Short Blades
  3413 | D:3      | Noticed Natasha
  3422 | D:3      | Killed Natasha
  3777 | D:4      | Noticed an ogre
  3960 | D:4      | Reached XP level 6. HP: 29/34 MP: 5/14
  3979 | D:4      | HP: 1/34 [gnoll/+0 spear (4)]
  3984 | D:4      | Slain by a gnoll

Illustrated notes

Levels and vault maps discovered:
D:1:      eino_arrival_water_star, layout_basic, hangedman_abyss_or_decor_stabs,
          minmay_misc_feat_alley, minmay_tromino_i4
D:2:      layout_basic, brannock_xom_greatest_gift, grunt_temple_overflow_open,
          kennysheep_generic_room_6, uniq_terence
D:3:      layout_loops_ring, first_ration, uniq_natasha, uniq_jessica
D:4:      layout_rooms, minmay_checkerbox

Skill      XL: |  1  2  3  4  5 |
---------------+----------------+-----
Dodging        | 3 4 |  4.1
Long Blades    | 2 3 |  3.6
Translocations | 1 2 |  2.4
Ice Magic      | 1 |  1.9
Spellcasting   | 4 |  4.1
Short Blades   | 1 |  1.3
Fighting       | |  1.5
Armour         | |  0.7
Charms         | |  4.4

Action                   |  1- 3 |  4- 6 || total
-------------------------+-------+-------++-------
Melee: Falchion          |   102 |    14 ||   116
       Short sword       |       |   161 ||   161
Throw: Dart              |       |     9 ||     9
 Cast: Infusion          |     2 |     6 ||     8
       Shroud of Golubri |     9 |     6 ||    15
       Song of Slaying   |     1 |     3 ||     4
       Ozocubu's Armour  |     1 |     9 ||    10
  Use: Potion            |     1 |     2 ||     3
       Scroll            |       |     1 ||     1
  Eat: Chunk             |     1 |    10 ||    11
Armor: Leather armour    |    26 |    37 ||    63
Dodge: Dodged            |    78 |   140 ||   218
       Rpst.: Falchion   |    27 |     1 ||    28

Table legend:
 A = Non-vault XP
 B = Vault XP
 C = Vault XP percentage of total XP
 D = Non-vault monster count
 E = Vault monster count
 F = Vault count percentage of total count
                 A         B        C        D         E       F
            +---------+---------+-------+---------+---------+-------
      Total |     328 |     111 |  25.3 |      65 |       6 |   8.5
            +---------+---------+-------+---------+---------+-------
        D:1 |      30 |       1 |   3.2 |      15 |       1 |   6.2
        D:2 |     112 |      38 |  25.3 |      23 |       3 |  11.5
        D:3 |     106 |      72 |  40.4 |      19 |       2 |   9.5
        D:4 |      80 |       0 |   0.0 |       8 |       0 |   0.0
            +---------+---------+-------+---------+---------+-------
